 Dungeon Crawl Stone Soup version 0.13.0-26-gf7ffa3a (webtiles) character file.

124466 Psiweapon the Warrior (level 16, -8/104 HPs)
             Began as a Gargoyle Fighter on Oct 29, 2013.
             Was a High Priest of Okawaru.
             Mangled by a large abomination (13 damage)
             ... on Level 1 of the Abyss on Oct 31, 2013.
             The game lasted 04:17:27 (34653 turns).

Psiweapon the Warrior (Gargoyle Fighter)           Turns: 34653, Time: 04:17:28

HP  -8/104       AC 39     Str 26      XL: 16   Next: 88%
MP   0/38        EV  7     Int 12      God: Okawaru [*****.]
Gold 1829        SH 28     Dex  9      Spells:  0 memorised, 15 levels left

Res.Fire  : + . .   See Invis. : +   y - +4,+0 morningstar (holy)
Res.Cold  : . . .   Warding    : .   u - +2 plate armour {rF+}
Life Prot.: + . .   Conserve   : .   c - +0 shield
Res.Poison: +       Res.Corr.  : .   Y - +0 helmet {SInv}
Res.Elec. : +       Clarity    : .   e - +0 elf cloak
Sust.Abil.: . .     Spirit.Shd : +   m - +2 pair of gauntlets
Res.Mut.  : .       Stasis     : .   (no boots)
Res.Rott. : +       Flight     : +   f - amulet of guardian spirit
Saprovore : . . .                    D - ring of magical power
                                     Z - ring of sustenance

@: liquid flames, about to teleport, flying, glowing, somewhat resistant to
hostile enchantments, extremely unstealthy
A: large and strong wings, fangs 1, talons 2, carnivore 1, life protection 1,
electricity resistance, slow metabolism 1, unbreathing, petrification
resistance, AC +13, SH +2, Str +2
a: Stop Flying, Heroism, Finesse, Renounce Religion


You were on level 1 of the Abyss.
You worshipped Okawaru.
Okawaru was extremely pleased with you.
You were not hungry.

You visited 5 branches of the dungeon, and saw 31 of its levels.
You visited the Abyss 2 times.
You also visited: Ice Cave.

You collected 3201 gold pieces.
You spent 1392 gold pieces at shops.

Inventory:

Hand weapons
 y - a +4,+0 morningstar of holy wrath (weapon)
 B - a +7,+0 demon whip of draining
 I - a +3,+3 morningstar of freezing
 K - a +0 blowgun
Missiles
 b - 3 javelins of returning (quivered)
 n - 6 javelins of penetration
 P - 4 curare-tipped needles
Armour
 c - a +0 shield (worn)
 e - a +0 elven cloak (worn)
 m - a +2 pair of gauntlets (worn)
 u - a +2 plate armour of fire resistance (worn)
 Y - a +0 helmet of see invisible (worn)
Magical devices
 j - a wand of paralysis (6)
 o - a wand of enslavement (8)
 M - a wand of digging (14)
 R - a wand of invisibility (2)
Comestibles
 d - 9 bread rations
 l - 2 meat rations
 t - 15 honeycombs
Scrolls
 A - a scroll of recharging
Jewellery
 a - an uncursed amulet of resist corrosion
 f - an amulet of guardian spirit (around neck)
 h - an uncursed ring of sustain abilities
 k - an uncursed ring of protection from magic
 p - an uncursed amulet of stasis
 q - a +2 ring of strength
 r - an uncursed ring of protection from cold {unknown}
 s - an uncursed amulet of the gourmand
 w - an uncursed ring of protection from fire
 D - a ring of magical power (right hand)
 J - an uncursed ring of ice
 L - an uncursed ring of ice
 W - the amulet of the Air {Inacc +Fly rElec EV+5 RMsl}
   (You found it on level 7 of the Lair of Beasts)

   [amulet of inaccuracy]

   It affects your evasion (+5).
   It insulates you from electricity.
   It lets you fly.
   It protects you from missiles.
 Z - a ring of sustenance (left hand)
Potions
 g - 3 potions of restore abilities
 x - 5 potions of agility
 C - a potion of resistance
 G - 7 potions of curing
 N - 2 potions of heal wounds
 S - a potion of invisibility
 U - 3 potions of might
Books
 V - a book of the Sky

   Spells                             Type                      Level
   Flight                             Charms/Air                   3
   Airstrike                          Air                          4
   Silence                            Hexes/Air                    5
   Deflect Missiles                   Charms/Air                   6
   Conjure Ball Lightning             Conjuration/Air              7
   Tornado                            Air                          9
Miscellaneous
 i - a fan of gales
 X - a phial of floods
Rods
 F - a +3 rod of the swarm (10/10)
   (You acquired it on level 7 of the Lair of Beasts)


   Skills:
 - Level 15.1 Fighting
 + Level 14.2 Maces & Flails
 - Level 8.3 Throwing
 - Level 15.1 Armour
 - Level 2.0 Dodging
 - Level 1.0 Stealth
 + Level 12.2 Shields
 - Level 5.6 Invocations
 + Level 11.1 Evocations


You had 15 spell levels left.
You didn't know any spells.

Dungeon Overview and Level Annotations

Branches:
Dungeon (15/27)            Temple (1/1) D:6             Orc (4/4) D:7
    Elf (0/3) Orc:3          Lair (8/8) D:9           Swamp (3/5) Lair:5
  Snake (0/5) Lair:4        Slime (0/6) Lair:8
 Vaults: D:15-20

Altars:
Ashenzari
Cheibriados
Elyvilon
Fedhas
Kikubaaqudgha
Makhleb
Nemelex Xobeh
Okawaru
Sif Muna
Trog
Vehumet
Xom
Yredelemnul
Zin
the Shining One
Beogh

Shops:
D:2 *   D:11 (   D:15 *   Orc:3 !   Orc:4 [*(+

Annotations:
D:3 exclusions: oklob plant and 1 more exclusion
D:6 bronies4ever's ghost, experienced GrMo
D:13 exclusion: ice statue
Swamp:1 1 exclusion
Swamp:2 1 exclusion
Swamp:3 Louise


Innate Abilities, Weirdness & Mutations

You are resistant to torment.
You are immune to poison.
You can fly continuously.
Your stone body is very resilient (AC +11).
Your wings are large and strong.
You have very sharp teeth.
You have razor-sharp toenails.
You resist negative energy.
You are resistant to electric shocks.
You have a slow metabolism.
You can survive without breathing.
You are immune to petrification.
You are partially covered in large bone plates (AC +2, SH +2).
Your digestive system is specialised to digest meat.
Your muscles are strong. (Str +2)


Message History

You hit the smoke demon but do no damage.
You claw the smoke demon.
The smoke demon is lightly wounded.
You are covered in liquid flames!
* * * LOW HITPOINT WARNING * * *
A starcursed mass A starcursed mass splits.
The starcursed mass engulfs you but does no damage.
You block the smoke demon's attack.
The smoke demon hits you but does no damage.
You block the smoke demon's attack.
The starcursed mass engulfs you but does no damage.
You closely miss the smoke demon. You claw the smoke demon.
The smoke demon is lightly wounded.
You are covered in liquid flames!
Your scroll of fear catches fire!
* * * LOW HITPOINT WARNING * * *
A starcursed mass A starcursed mass splits.
The large abomination hits you!
You die... . . ## # # # #. § . # ## ##.# # 5 ##. . .## .XX

..§ # .
..5355#X#####.###.
.# .# #XX@3......#
. # #XX#XX##...###
#.. . # #......#..
# # #.#..X #...#
.# .#.#.#..#. ## #
.##.#.. #..## .# .
.#...## . ## ..#
.## #.


You could see 8 starcursed masses, a large abomination, a smoke demon, a
ynoxinul and 3 ufetubi.

Vanquished Creatures
  Saint Roka (Swamp:3)
  Rupert (Lair:3)
  Agnes (Swamp:2)
  An orc warlord (Orc:4)
  2 tentacled starspawn (Abyss:1)
  Aizul (Swamp:2)
  Gastronok (Lair:1)
  The ghost of Econoterrorist the Blocker, a powerful MiFi of Okawaru (Lair:8)
  A reaper (Abyss:1)
  A blizzard demon (Abyss:1)
  Snorg (Swamp:2)
  2 dragons
  4 hydras
  Fannar (D:12)
  A ravenous feature mimic (Swamp:2)
  Harold (Lair:5)
  Josephine (D:11)
  Nessos (D:11)
  2 ice dragons (IceCv)
  5 alligators
  3 death yaks
  2 wretched stars (Abyss:1)
  3 orc high priests (Orc:4)
  Urug (D:12)
  4 centaur warriors
  A soul eater (Orc:4)
  Erolcha (D:11)
  3 swamp dragons
  4 unseen horrors
  The ghost of MackTheKnife the Covert, an experienced SpAs of Makhleb (D:10)
  Nergalle (Lair:1)
  A naga warrior (Abyss:1)
  2 ice statues (IceCv)
  3 large abominations (Abyss:1)
  4 hill giants
  A giant amoeba (Swamp:2)
  A wizard (Abyss:1)
  A griffon (Lair:8)
  3 orc sorcerers
  A cyclops (D:12)
  3 elephants
  4 sixfirhies
  6 black mambas
  An orange demon (Abyss:1)
  Psyche (D:12)
  15 spiny frogs
  3 smoke demons (Abyss:1)
  2 hellwings (Abyss:1)
  3 trolls
  7 komodo dragons
  Grinder (D:4)
  7 polar bears
  7 giant leeches
  4 baby alligators (Swamp:1)
  6 bog bodies
  Sonja (Orc:3)
  27 slime creatures
  A hydra skeleton (D:12)
  A trapdoor spider (D:14)
  4 wyverns
  12 grizzly bears
  3 two-headed ogres
  21 blink frogs
  2 redbacks (Lair:6)
  3 basilisks
  20 ugly things
  A griffon skeleton (D:13)
  21 yaks
  An elephant slug (D:9)
  2 wraiths
  8 hungry ghosts
  2 ynoxinuls (Abyss:1)
  2 neqoxecs (Abyss:1)
  Grum (D:12)
  2 steam dragons (Lair:8)
  3 hill giant skeletons (D:15)
  13 vampire mosquitoes
  Edmund (D:5)
  12 hippogriffs
  5 manticores
  2 necrophages
  5 mottled dragons
  A rock worm (D:14)
  16 wolves
  2 swamp drakes
  24 swamp worms
  12 porcupines
  8 nagas
  3 sky beasts
  19 ice beasts
  30 orc warriors
  5 black bears (Lair:8)
  10 centaurs
  11 giant goldfish
  8 small abominations (Abyss:1)
  4 phantoms
  12 crocodiles
  11 ogres
  8 giant slugs
  2 big kobolds
  2 wargs
  7 water moccasins
  Blork the orc (D:5)
  8 agate snails
  17 giant frogs
  7 insubstantial wisps (Swamp:3)
  A cyclops skeleton (D:11)
  A manticore skeleton (D:10)
  A yak zombie (D:11)
  3 eyes of draining
  14 killer bees
  A troll zombie (D:7)
  2 jellyfish (Lair:4)
  16 electric eels
  A troll skeleton (D:14)
  A pulsating lump (Lair:8)
  A yak skeleton (D:13)
  A quasit (Abyss:1)
  11 wights
  4 fire bats (Abyss:1)
  A centaur zombie (D:8)
  A giant frog zombie (D:8)
  9 hounds
  2 iron imps (Abyss:1)
  11 crimson imps
  2 goliath beetles
  Crazy Yiuf (D:5)
  A black bear zombie (D:6)
  3 centaur skeletons
  24 orc priests
  A giant frog skeleton (D:12)
  2 jellies (D:5)
  5 scorpions
  A basilisk zombie (D:11)
  16 iguanas
  A basilisk skeleton (D:9)
  21 orc wizards
  11 big fish
  7 worker ants
  A troll simulacrum (D:15)
  7 ogre zombies (D:7)
  15 sheep
  Ijyb (D:7)
  A sky beast zombie (D:6)
  A hound zombie (D:6)
  An ogre skeleton (D:11)
  A hound skeleton (D:10)
  2 mummies
  A brain worm simulacrum (D:14)
  3 gnolls (D:5)
  44 green rats
  22 adders
  4 giant centipedes
  A giant mite (Lair:4)
  3 shadow imps
  2 goliath beetle zombies
  14 white imps
  18 worms
  4 ufetubi (Abyss:1)
  2 grey rats (Lair:1)
  3 iguana skeletons
  7 giant eyeballs
  10 giant geckos
  160 orcs
  3 ball pythons
  A bat skeleton (D:4)
  20 hobgoblins
  16 jackals
  25 kobolds
  14 quokkas
  28 bats
  4 giant cockroaches
  A giant gecko skeleton (D:5)
  7 giant newts
  3 giant spores
  21 goblins
  2 goblin skeletons (D:7)
  4 goblin zombies (D:7)
  2 hobgoblin skeletons (D:7)
  4 hobgoblin zombies (D:7)
  A jackal zombie (D:8)
  2 kobold skeletons
  3 orc skeletons (D:7)
  11 orc zombies
  33 rats
  14 spectral orcs (Lair:1)
  A ballistomycete (D:15)
  A plant (Lair:8)
  A starspawn tentacle (Abyss:1)
1273 creatures vanquished.

Vanquished Creatures (collateral kills)
  2 elephants (Lair:8)
  A komodo dragon (Lair:8)
  A fire drake (Lair:8)
  A slime creature (D:13)
  2 vampire mosquitoes (D:13)
  An orc warrior (Orc:4)
  An ice beast (D:8)
  2 giant frogs
  5 wights (D:8)
  A crimson imp (D:8)
  A hound (D:8)
  4 orc wizards
  An ogre zombie (D:7)
  An adder (D:8)
  A giant mite (D:8)
  3 orcs (D:8)
  A hobgoblin (D:8)
  A hobgoblin zombie (D:7)
30 creatures vanquished.

Vanquished Creatures (others)
  3 orc knights (Orc:4)
  2 orc sorcerers (Orc:4)
  2 elephants (Lair:8)
  4 air elementals
  2 water elementals (Orc:4)
  A komodo dragon (Lair:8)
  A vampire mosquito (Lair:8)
  6 orc warriors (Orc:4)
  2 yellow wasps (Lair:8)
  A crocodile (Lair:8)
  A centaur (D:13)
  2 killer bees
  3 orc wizards (Orc:4)
  3 worker ants
  An adder (Lair:8)
  2 green rats (Lair:8)
  2 worms (Lair:8)
  An orc zombie (Orc:4)
  An orc (Orc:4)
  2 giant spores
  A lurking horror (Abyss:1)
  9 fungi
  14 plants (Lair:8)
  2 starspawn tentacles (Abyss:1)
  20 starspawn tentacle segments (Abyss:1)
88 creatures vanquished.

Grand Total: 1391 creatures vanquished

Notes
Turn   | Place    | Note
--------------------------------------------------------------
     0 | D:1      | Psiweapon, the Gargoyle Fighter, began the quest for the Orb.
     0 | D:1      | Reached XP level 1. HP: 14/14 MP: 0/0
   177 | D:1      | Reached XP level 2. HP: 19/19 MP: 1/1
   636 | D:2      | Reached XP level 3. HP: 21/24 MP: 2/2
   673 | D:2      | Found Zin's Purification Station.
   674 | D:2      | Found a glowing silver altar of Zin.
   895 | D:2      | Found a basalt altar of Yredelemnul.
  1173 | D:2      | Reached XP level 4. HP: 28/28 MP: 3/3
  1659 | D:3      | Reached skill level 4 in Armour
  1659 | D:3      | Reached skill level 1 in Dodging
  1762 | D:3      | Found a blossoming altar of Fedhas.
  1778 | D:3      | Noticed an oklob plant
  1835 | D:3      | Reached XP level 5. HP: 26/33 MP: 4/4
  2418 | D:4      | Noticed an ogre
  2429 | D:4      | Killed an ogre
  2429 | D:4      | Reached XP level 6. HP: 39/39 MP: 5/5
  2482 | D:4      | Reached skill level 1 in Stealth
  2609 | D:4      | Noticed Grinder
  2610 | D:4      | Paralysed by Grinder for 2 turns
  2621 | D:4      | Paralysed by a giant eyeball for 4 turns
  2849 | D:4      | Paralysed by Grinder for 2 turns
  2863 | D:4      | Killed Grinder
  2863 | D:4      | Reached skill level 5 in Armour
  2863 | D:4      | Reached XP level 7. HP: 30/44 MP: 3/6
  3133 | D:5      | Entered Level 5 of the Dungeon
  3210 | D:5      | Reached skill level 1 in Throwing
  3224 | D:5      | Reached skill level 5 in Fighting
  3224 | D:5      | Reached skill level 5 in Shields
  3573 | D:5      | Reached skill level 5 in Maces & Flails
  3573 | D:5      | Reached XP level 8. HP: 30/49 MP: 5/7
  3841 | D:5      | Noticed Edmund
  3841 | D:5      | Paralysed by a giant eyeball for 3 turns
  3847 | D:5      | Paralysed by a giant eyeball for 3 turns
  3890 | D:5      | Noticed Blork the orc
  3909 | D:5      | Killed Blork the orc
  4064 | D:5      | Reached skill level 6 in Armour
  4180 | D:5      | Killed Edmund
  4318 | D:5      | Noticed Crazy Yiuf
  4326 | D:5      | Killed Crazy Yiuf
  5072 | D:6      | Noticed bronies4ever's ghost (experienced GrMo)
  5120 | D:6      | Reached XP level 9. HP: 40/55 MP: 6/8
  5450 | D:7      | Reached skill level 7 in Fighting
  5714 | D:7      | Noticed a moth of wrath
  5716 | D:7      | Found a bloodstained altar of Trog.
  5852 | D:7      | Noticed Ijyb
  5862 | D:7      | Killed Ijyb
  5938 | D:7      | Found a staircase to the Orcish Mines.
  6201 | D:6      | Found a staircase to the Ecumenical Temple.
  6215 | Temple   | Entered the Ecumenical Temple
  6324 | Temple   | Became a worshipper of Warmaster Okawaru
  6855 | D:8      | Paralysed by a giant eyeball for 3 turns
  6861 | D:8      | Paralysed by a giant eyeball for 2 turns
  7024 | D:8      | Reached skill level 8 in Fighting
  7041 | D:8      | Reached XP level 10. HP: 62/62 MP: 9/9
  7154 | D:8      | Acquired Okawaru's first power
  7492 | D:10     | Entered Level 10 of the Dungeon
  7653 | D:9      | Found a staircase to the Lair.
  7653 | D:9      | Noticed an elephant
  7664 | D:9      | Paralysed by a giant eyeball for 2 turns
  7697 | D:9      | Killed an elephant
  7780 | D:9      | Found a deep blue altar of Sif Muna.
  8268 | D:10     | Reached skill level 9 in Armour
  8302 | D:10     | Noticed MackTheKnife's ghost (experienced SpAs)
  8342 | D:10     | Killed MackTheKnife's ghost
  8483 | D:10     | Reached XP level 11. HP: 68/68 MP: 10/10
  8974 | D:11     | Found Schiffia's Antique Weapon Boutique.
  9534 | D:11     | Noticed Nessos
  9562 | D:11     | Killed Nessos
 10057 | Lair:1   | Entered Level 1 of the Lair of Beasts
 10137 | Lair:1   | Reached skill level 10 in Armour
 10264 | D:9      | Reached skill level 10 in Fighting
 10273 | D:9      | Reached skill level 10 in Maces & Flails
 10394 | Lair:1   | Reached skill level 10 in Shields
 10484 | Lair:1   | Noticed Gastronok
 10639 | Lair:1   | Killed Gastronok
 10639 | Lair:1   | Acquired Okawaru's second power
 10791 | Lair:1   | Noticed Nergalle
 10900 | Lair:1   | Killed Nergalle
 11630 | Lair:2   | Reached skill level 5 in Invocations
 11641 | Lair:2   | Reached XP level 12. HP: 66/75 MP: 20/20
 11681 | Lair:2   | Upgraded the game from 0.13.0-25-g43d4df3 to 0.13.0-26-gf7ffa3a
 11725 | Lair:2   | Reached skill level 5 in Evocations
 12055 | Lair:3   | Noticed a seven-headed hydra
 12067 | Lair:2   | Killed a seven-headed hydra
 12363 | Lair:3   | Noticed Rupert
 12400 | Lair:3   | Killed Rupert
 12400 | Lair:3   | Reached skill level 5 in Throwing
 13384 | Lair:4   | Received a gift from Okawaru
 13790 | Lair:4   | Found a staircase to the Snake Pit.
 14359 | Lair:5   | Found a staircase to the Swamp.
 14406 | Swamp:1  | Entered Level 1 of the Swamp
 14406 | Swamp:1  | Noticed an alligator
 14416 | Swamp:1  | Killed an alligator
 14416 | Swamp:1  | Reached XP level 13. HP: 34/80 MP: 16/21
 14526 | Lair:5   | Received a gift from Okawaru
 14575 | Lair:5   | Reached skill level 11 in Armour
 14809 | Lair:5   | Noticed Harold
 14828 | Lair:5   | Killed Harold
 15674 | Lair:6   | Found a dark tunnel.
 16136 | Lair:6   | Reached skill level 12 in Fighting
 16376 | Lair:7   | Received a gift from Okawaru
 16887 | Lair:7   | Identified a scroll of acquirement
 16891 | Lair:7   | Identified a +3 rod of the swarm (10/10) (You acquired it on level 7 of the Lair of Beasts)
 17297 | Lair:8   | Entered Level 8 of the Lair of Beasts
 17440 | Lair:8   | Received a gift from Okawaru
 17471 | Lair:8   | Noticed Econoterrorist's ghost (powerful MiFi)
 17517 | Lair:8   | Killed Econoterrorist's ghost
 17559 | Lair:8   | Reached skill level 13 in Fighting
 18449 | D:11     | Noticed Josephine
 18464 | D:11     | Killed Josephine
 18464 | D:11     | Gained mutation: Your wings are large and strong. [gargoyle growth]
 18464 | D:11     | Reached XP level 14. HP: 90/90 MP: 22/22
 18502 | D:11     | Noticed Erolcha
 18517 | D:11     | Killed Erolcha
 19155 | D:12     | Got a polished ring mail
 19271 | D:12     | Noticed Psyche
 19290 | D:12     | Paralysed by Psyche for 4 turns
 19295 | D:12     | Killed Psyche
 19461 | D:12     | Noticed Fannar
 19462 | D:12     | Found a glowing golden altar of the Shining One.
 19475 | D:12     | Killed Fannar
 19601 | D:12     | Noticed Grum
 19635 | D:12     | Killed Grum
 19702 | D:12     | Noticed Urug
 19716 | D:12     | Killed Urug
 19771 | D:12     | Found a shimmering altar of Xom.
 19944 | D:12     | Reached skill level 14 in Fighting
 20274 | D:12     | Received a gift from Okawaru
 20475 | D:14     | Entered Level 14 of the Dungeon
 21097 | D:15     | Entered Level 15 of the Dungeon
 21820 | D:14     | Paralysed by a giant eyeball for 4 turns
 22317 | D:13     | Received a gift from Okawaru
 22462 | D:13     | Received a gift from Okawaru
 22462 | D:13     | Reached skill level 15 in Fighting
 22512 | D:13     | Reached skill level 15 in Armour
 22632 | D:13     | Received a gift from Okawaru
 23280 | Lair:8   | Reached XP level 15. HP: 77/98 MP: 23/23
 23534 | Lair:8   | Found a staircase to the Slime Pits.
 23986 | Lair:8   | Received a gift from Okawaru
 24575 | Swamp:1  | Noticed an alligator
 24580 | Swamp:1  | Killed an alligator
 24580 | Swamp:1  | Received a gift from Okawaru
 24809 | Swamp:1  | Received a gift from Okawaru
 25269 | Swamp:2  | Noticed Aizul
 25292 | Swamp:2  | Killed Aizul
 25473 | Swamp:2  | Received a gift from Okawaru
 25491 | Swamp:2  | Paralysed by a potion of paralysis for 2 turns
 25539 | Swamp:2  | Noticed Snorg
 25540 | Swamp:2  | Noticed Agnes
 25554 | Swamp:2  | Killed Snorg
 25575 | Swamp:2  | Killed Agnes
 25831 | Swamp:2  | Received a gift from Okawaru
 26543 | Orc:1    | Entered Level 1 of the Orcish Mines
 27282 | Orc:2    | Found a frozen archway.
 27308 | IceCv    | Entered an ice cave
 27559 | IceCv    | Got a twitching wooden ring
 28342 | Orc:3    | Noticed Sonja
 28362 | Orc:3    | Killed Sonja
 28485 | Orc:3    | Found Loabb's Distillery.
 28493 | Orc:3    | Found a bloodstained altar of Trog.
 28518 | Orc:3    | Bought a potion of might for 37 gold pieces
 28518 | Orc:3    | Bought 2 potions of curing for 60 gold pieces
 28518 | Orc:3    | Bought a potion of heal wounds for 45 gold pieces
 28518 | Orc:3    | Bought a potion of curing for 30 gold pieces
 28518 | Orc:3    | Bought a potion of mutation for 45 gold pieces
 28518 | Orc:3    | Bought a potion of resistance for 105 gold pieces
 28518 | Orc:3    | Bought a potion of heal wounds for 45 gold pieces
 28518 | Orc:3    | Bought a potion of curing for 30 gold pieces
 28519 | Orc:3    | Gained mutation: You heal slowly. [potion of mutation]
 28519 | Orc:3    | Gained mutation: You are partially covered in large bone plates (AC +2, SH +2). [potion of mutation]
 28519 | Orc:3    | Gained mutation: You are frail (-10% HP). [potion of mutation]
 28823 | Lair:2   | Lost mutation: You are frail (-10% HP). [potion of cure mutation]
 28823 | Lair:2   | Lost mutation: You heal slowly. [potion of cure mutation]
 29044 | Orc:3    | Found a staircase to the Elven Halls.
 29287 | Orc:4    | Entered Level 4 of the Orcish Mines
 29464 | Orc:4    | Found a roughly hewn altar of Beogh.
 29581 | Orc:4    | Paralysed by an orc sorcerer for 2 turns
 29784 | Orc:4    | Reached XP level 16. HP: 50/104 MP: 28/28
 30445 | Orc:4    | Received a gift from Okawaru
 30458 | Orc:4    | Found Paola's Antique Armour Emporium.
 30460 | Orc:4    | Found Laagg's Antique Weapon Emporium.
 30461 | Orc:4    | Found Straf's General Store.
 30461 | Orc:4    | Found Alaip's Book Shoppe.
 30551 | Orc:4    | Bought a glowing plate armour for 690 gold pieces
 30551 | Orc:4    | Bought a runed helmet for 75 gold pieces
 30597 | Orc:4    | Bought a scroll of identify for 26 gold pieces
 30597 | Orc:4    | Bought a scroll of remove curse for 39 gold pieces
 30598 | Orc:4    | Identified the ring of Impatience {+Rage rPois Dex+2} (You found it in an ice cave)
 31784 | D:15     | Received a gift from Okawaru
 31945 | D:15     | Found Plut's Assorted Antiques.
 31954 | D:15     | Bought a scroll of identify for 66 gold pieces
 31954 | D:15     | Bought a potion of mutation for 99 gold pieces
 31962 | D:15     | Gained mutation: Your muscles are strong. (Str +2) [potion of mutation]
 31962 | D:15     | Gained mutation: Your digestive system is specialised to digest meat. [potion of mutation]
 32415 | Swamp:3  | Noticed Saint Roka
 32440 | Swamp:2  | Reached skill level 10 in Evocations
 32699 | Swamp:3  | Received a gift from Okawaru
 33137 | Swamp:3  | Killed Saint Roka
 33137 | Swamp:3  | Received a gift from Okawaru
 33775 | Swamp:3  | Noticed Louise
 33783 | Swamp:3  | Cast into the Abyss (Louise)
 33805 | Swamp:3  | Escaped the Abyss
 33826 | Swamp:3  | Cast into the Abyss (Louise)
 34284 | Abyss:1  | Received a gift from Okawaru
 34638 | Abyss:1  | HP: 5/104 [burnt (2)]
 34652 | Abyss:1  | HP: 5/104 [burnt (2)]
 34653 | Abyss:1  | Mangled by a large abomination

Action                   |  1- 3 |  4- 6 |  7- 9 | 10-12 | 13-15 | 16-18 || total
-------------------------+-------+-------+-------+-------+-------+-------++-------
Melee: Mace              |   106 |   182 |   590 |   451 |       |       ||  1329
       Sabre             |       |       |    15 |    16 |       |       ||    31
       Flail             |       |       |       |   716 |       |       ||   716
       Blowgun           |       |       |       |     1 |       |       ||     1
       Morningstar       |       |       |       |   359 |  2203 |   581 ||  3143
       Rod               |       |       |       |       |     1 |       ||     1
       Demon whip        |       |       |       |       |   187 |    29 ||   216
 Fire: Blowgun           |       |       |       |    19 |     2 |       ||    21
Throw: Dagger            |       |     3 |     8 |       |       |       ||    11
       Javelin           |       |       |       |     2 |    54 |    93 ||   149
       Dart              |       |       |       |       |     6 |       ||     6
Invok: Heroism           |       |       |       |     8 |    20 |     3 ||    31
       Finesse           |       |       |       |     2 |     8 |       ||    10
 Abil: Fly               |       |       |       |       |     1 |       ||     1
Evoke: Wand              |       |       |    13 |    25 |     9 |     3 ||    50
       Miscellaneous     |       |       |       |     2 |     3 |       ||     5
       Rod               |       |       |       |       |     6 |       ||     6
  Use: Scroll            |       |    14 |    10 |    11 |    11 |     9 ||    55
       Potion            |       |       |     2 |     1 |    12 |     7 ||    22
 Stab: Invisible         |       |       |       |       |     3 |       ||     3
